Map: Overgrowth LE (Void)

Players

Generos

  • Race: Terran Terran
  • League: Gold
  • Spawn Location: 7:00

Doidor - Winner!

  • Race: Zerg Zerg
  • League: Gold
  • Spawn Location: 1:00

VOD

Have the link to the VOD?

Description

Time

  • Played on: Jan. 11, 2017, 5:13 p.m.
  • Length: 13:35
Show
View Real Time Build Order
Export as new Build Order

Generos Terran 

Build Orders: 1/1/1, MMM Bio, Banshee Rush 

Get SALT Encoding   

  12  0:01  SCV  
  13  0:13  SCV  
  14  0:17  Supply Depot  
  14  0:25  SCV  
  15  0:31  Refinery  
  15  0:39  SCV  
  16  0:45  Barracks  
  16  0:51  SCV  
  17  1:01  Supply Depot  
  17  1:03  SCV  
  18  1:15  SCV  
  19  1:27  SCV  
  19  1:30  Refinery  
  19  1:32  Marine  
  21  1:37  Factory  
  21  1:39  SCV  
  22  1:53  SCV  
  23  1:57  Barracks Reactor  
  23  2:05  SCV  
  24  2:17  Orbital Command  
  24  2:22  Starport, Factory Tech Lab  
  24  2:50  SCV  
  25  2:59  Hellion x2  
  25  3:03  SCV  
  30  3:13  Barracks, Barracks Tech Lab  
  30  3:19  Command Center  
  30  3:22  Supply Depot  
  30  3:26  Cloaking Field  
  30  3:35  Marine  
  31  3:43  SCV, Banshee  
  31  3:46  Supply Depot  
  35  3:51  Hellion  
  37  3:59  SCV  
  38  4:08  Marine x2  
  40  4:10  Stimpack  
  40  4:11  SCV  
  40  4:14  Hellion  
  40  4:15  Hellion  
  45  4:23  SCV  
  42  4:33  Supply Depot  
  39  5:13  SCV  
  40  5:24  Banshee  
  40  5:25  SCV  
  44  5:31  Barracks Reactor  
  44  5:32  Marine  
  45  5:37  Hellion  
  45  5:38  SCV, Hellion  
  50  5:48  Orbital Command  
  50  5:50  SCV  
  46  6:02  SCV  
  43  6:11  Combat Shields  
  41  6:14  SCV  
  42  6:23  SCV  
  43  6:26  SCV  
  43  6:27  Marine x2  
  43  6:29  Marauder  
  48  6:35  SCV  
  49  6:40  Factory Tech Lab  
  49  6:47  Marine x2  
  49  6:49  Marine  
  49  6:50  Medivac  
  54  7:13  Supply Depot  
  54  7:14  Supply Depot  
  54  7:20  Supply Depot  
  54  7:21  SCV x2, Siege Tank  
  59  7:22  Supply Depot  
  59  7:24  Supply Depot  
  59  7:26  Refinery  
  59  7:28  Refinery  
  59  7:33  SCV x2  
  61  8:02  Marine x2  
  61  8:03  Marine  
  67  8:12  Siege Tank  
  67  8:15  SCV  
  67  8:16  SCV  
  69  8:21  Command Center  
  69  8:27  SCV  
  69  8:28  SCV  
  69  8:34  Marine x3  
  72  8:39  Barracks  
  74  8:59  Marine x2, Engineering Bay  
  74  9:02  Marauder  
  78  9:03  Siege Tank  
  81  9:22  Starport Reactor  
  74  9:24  Bunker  
  74  9:27  Engineering Bay  
  73  9:42  Supply Depot  
  61  9:56  Marine x3  
  55  10:14  Marine x3  
  50  10:27  SCV x2  
  52  10:32  Marine x3  
  55  10:35  Supply Depot  
  55  10:37  Supply Depot  
  55  10:39  SCV  
  55  10:40  SCV  
  57  10:43  Siege Tank, Bunker  
  57  10:46  Barracks Reactor  
  57  10:49  Marine  
  60  10:52  SCV  
  56  11:14  Marine, Marauder  
  56  11:15  Marine  
  60  11:23  Medivac x2  
  64  11:26  Terran Infantry Weapons Level 1, Terran Infantry Armor Level 1  
  64  11:30  Siege Tank, Armory  
  64  11:32  Marine  
  68  11:34  SCV x2  
  68  11:36  Marauder  
  72  11:46  SCV x2  
  74  11:58  SCV x2  
  67  12:10  SCV x2  
  67  12:12  Marine x5  
  67  12:14  Siege Tank  
  57  12:25  Supply Depot  
  46  12:31  Supply Depot  
  38  13:03  Marine x2  
  38  13:04  Marine x2  
Show
View Real Time Build Order
Export as new Build Order

Doidor Zerg - Winner!

Build Orders: Hatch First, Zergling Baneling 

Get SALT Encoding   

  12  0:01  Drone  
  13  0:09  Drone  
  14  0:17  Overlord  
  15  0:35  Drone x2  
  15  0:36  Drone  
  17  0:55  Hatchery, Drone  
  17  1:02  Drone  
  18  1:05  Extractor  
  17  1:14  Spawning Pool  
  16  1:23  Overlord  
  16  1:32  Drone  
  16  1:33  Drone  
  18  1:41  Drone  
  19  2:01  Zergling x2  
  19  2:02  Queen  
  19  2:04  Zergling x2  
  19  2:08  Queen  
  23  2:09  Drone  
  23  2:14  Overlord  
  26  2:19  Drone  
  27  2:24  Metabolic Boost  
  27  2:28  Drone  
  28  2:35  Baneling Nest  
  28  2:36  Zergling x2  
  28  2:44  Zergling x4  
  29  2:50  Zergling x2  
  31  3:00  Overlord  
  31  3:06  Overlord  
  31  3:07  Overlord  
  31  3:19  Drone x3  
  34  3:21  Zergling x6  
  34  3:22  Zergling x2  
  34  3:25  Baneling  
  34  3:26  Baneling  
  38  3:27  Baneling  
  38  3:28  Baneling x2  
  38  3:30  Baneling  
  38  3:34  Zergling x2  
  39  3:42  Drone  
  40  3:51  Zergling x2  
  40  3:52  Zergling x12  
  47  3:56  Baneling x2  
  47  3:57  Baneling  
  47  4:07  Zergling x8  
  51  4:14  Zergling x2  
  52  4:20  Baneling x2  
  52  4:24  Baneling  
  49  4:35  Zergling x6  
  52  4:41  Baneling x2  
  47  5:02  Zergling x8  
  47  5:03  Zergling x6  
  42  5:12  Zergling x6  
  41  5:21  Lair  
  41  5:26  Zergling x6  
  44  5:38  Spore Crawler  
  44  5:39  Spore Crawler  
  44  5:42  Baneling x2  
  42  5:46  Queen  
  35  6:06  Zergling x2  
  35  6:07  Zergling x18  
  39  6:22  Queen  
  39  6:23  Overseer  
  41  6:29  Queen  
  41  6:32  Drone x2  
  45  6:41  Drone  
  46  6:59  Hatchery  
  43  7:16  Zergling x10  
  43  7:17  Zergling x2  
  43  7:22  Baneling x5  
  49  7:23  Baneling x4  
  49  7:52  Overseer  
  49  8:01  Baneling x2  
  49  8:13  Zergling x2  
  49  8:14  Zergling x16  
  49  8:16  Baneling x2  
  58  8:20  Extractor  
  58  8:25  Baneling  
  57  8:47  Roach Warren  
  56  8:55  Evolution Chamber  
  56  8:58  Evolution Chamber  
  56  9:01  Drone x3  
  57  9:05  Zergling x6  
  57  9:07  Overlord x3  
  60  9:13  Baneling x4  
  50  9:25  Zergling x6  
  50  9:26  Zergling x10  
  55  9:39  Zergling x10  
  55  9:40  Zergling x2  
  60  9:51  Baneling x2  
  60  9:52  Baneling x4  
  54  10:01  Zergling x8  
  52  10:23  Baneling x2  
  52  10:24  Baneling x6  
  52  10:33  Overlord  
  52  10:34  Overlord  
  52  10:41  Zergling x14  
  59  10:48  Centrifical Hooks  
  55  11:00  Zergling x6  
  56  11:12  Overseer  
  56  11:14  Overseer  
  56  11:18  Zergling x14  
  63  11:21  Baneling x6  
  63  11:37  Baneling x3  
  63  11:38  Baneling  
  63  11:41  Zergling x12  
  63  11:42  Zergling x4  
  71  11:52  Drone  
  59  12:12  Zergling x2  
  59  12:13  Zergling x16  
  57  12:20  Zergling x4  
  59  12:27  Baneling x2  
  59  12:28  Baneling x6  
  59  12:33  Baneling x4  
  46  13:04  Baneling x4  
  46  13:05  Baneling x2  
  43  13:17  Zergling x4  
Tags
 
Add a new tag
Caveats
  • Supply blocks, unpowered buildings, or Contaminate may cause inaccurate times.
  • Supply counts are checked every 10 seconds.